AoeStats
← GABRIEL MOTTA

Arena

507812682Analyzed
3v3 RM · 13d ago on Sep 19, 2026· 85m 46s· 6 players
Game mode
Random Map
Map size
Normal (6 player)
Population
200
Speed
Normal
Resources
Standard
Victory
Conquest
Starting age
Dark Age
Ending age
Imperial Age
RankedLock teamsTeams togetherTeam positionsShared explorationLock speedFull tech treeHidden civsTurbo modeCheats
Victory
Defeat
🇮🇪 Britons · Ireland
494
+12
🇧🇷 Celts · Brazil
472
+13
🇧🇷 Persians · Brazil
440
+14
🇨🇱 Inca · Chile
771
-90
🇨🇱 Spanish · Chile
220
-7
🇨🇱 Huns · Chile
219
-7
GABRIEL MOTTA
7:31 Loom
15:14 Feudal Age
18:23 Wheelbarrow
17:51 Double-Bit Axe
17:54 Horse Collar
19:22 Man-at-Arms
24:33 Gold Mining
26:10 Town Watch
31:11 Castle Age
29:27 Forging
32:53 Squires
36:17 Kamandaran
36:22 Padded Archer Armor
36:13 Fletching
36:58 Iron Casting
40:20 Thumb Ring
39:36 Crossbowman
44:24 Gold Shaft Mining
43:39 Stone Mining
46:28 Heavy Plow
49:10 Bodkin Arrow
49:30 Leather Archer Armor
49:36 Hand Cart
51:48 Caravan
52:19 Coinage
52:12 Bow Saw
52:17 Elite Skirmisher
53:24 Parthian Tactics
52:25 Pikeman
53:04 Guard Tower
53:35 Ballistics
53:06 Heated Shot
53:39 Husbandry
54:01 Masonry
58:31 Imperial Age
56:40 Town Patrol
58:04 Murder Holes
58:16 Siphons
58:23 Scale Barding Armor
58:19 Scale Mail Armor
60:54 Two-Man Saw
59:18 Elite War Elephant
59:30 Sappers
60:20 Conscription
59:24 Halberdier
60:40 Architecture
61:11 Chemistry
60:28 Cavalier
63:51 Chain Barding Armor
63:46 Chain Mail Armor
64:02 Ring Archer Armor
64:32 Blast Furnace
66:53 Plate Barding Armor
66:48 Plate Mail Armor
68:33 Hoardings
70:54 Light Cavalry
70:55 Savar
78:39 Banking
78:21 Guilds
82:09 Stone Shaft Mining
Puro_Osso
2:12 Loom
6:12 Loom
17:31 Feudal Age
19:01 Wheelbarrow
18:13 Double-Bit Axe
18:27 Man-at-Arms
19:02 Horse Collar
29:58 Castle Age
28:01 Gold Mining
28:02 Stone Mining
41:01 Hand Cart
43:35 Heavy Plow
56:15 Bow Saw
61:04 Gold Shaft Mining
61:05 Stone Shaft Mining
61:03 Fervor
67:29 Fletching
68:11 Caravan
68:41 Coinage
69:52 Stronghold
73:26 Imperial Age
74:06 Ballistics
73:27 Treadmill Crane
73:44 Bodkin Arrow
74:03 Padded Archer Armor
74:09 Scale Barding Armor
75:10 Chemistry
74:18 Siege Engineers
73:59 Arrowslits
74:35 Guilds
74:56 Banking
74:27 Murder Holes
74:46 Forging
74:36 Scale Mail Armor
75:29 Heavy Scorpion
77:13 Furor Celtica
77:18 Elite Woad Raider
78:55 Leather Archer Armor
79:23 Iron Casting
84:22 Ring Archer Armor
84:12 Chain Barding Armor
84:08 Chain Mail Armor
84:53 Blast Furnace
84:05 Fortified Wall
84:06 Masonry
84:58 Onager
daveofempires
11:39 Feudal Age
12:57 Wheelbarrow
12:11 Double-Bit Axe
12:08 Horse Collar
14:08 Gold Mining
20:49 Castle Age
21:48 Hand Cart
21:49 Bow Saw
22:20 Gold Shaft Mining
21:49 Heavy Plow
26:07 Crossbowman
27:23 Padded Archer Armor
27:14 Fletching
27:25 Scale Mail Armor
27:36 Forging
27:34 Scale Barding Armor
26:57 Pikeman
27:00 Man-at-Arms
27:42 Squires
27:29 Gambesons
27:30 Arson
33:16 Long Swordsman
38:24 Leather Archer Armor
38:29 Chain Barding Armor
38:25 Chain Mail Armor
38:45 Iron Casting
38:06 Bodkin Arrow
40:39 Elite Skirmisher
46:09 Imperial Age
46:29 Halberdier
46:30 Two-Handed Swordsman
50:23 Arbalester
57:22 Champion
62:17 Capped Ram
K u r o🌙
0:50 Loom
10:34 Feudal Age
11:06 Horse Collar
11:18 Double-Bit Axe
12:13 Wheelbarrow
12:57 Town Watch
16:27 Man-at-Arms
16:53 Arson
18:12 Gold Mining
20:12 Stone Mining
24:21 Castle Age
24:01 Forging
24:27 Scale Mail Armor
25:06 Heavy Plow
26:51 Long Swordsman
27:16 Gambesons
26:52 Pikeman
27:33 Squires
31:15 Chain Mail Armor
31:35 Iron Casting
31:06 Scale Barding Armor
32:54 Padded Archer Armor
32:44 Fletching
33:10 Bow Saw
36:00 Hand Cart
35:45 Town Patrol
39:29 Imperial Age
38:08 Chain Barding Armor
38:32 Stone Shaft Mining
38:20 Bodkin Arrow
38:41 Leather Archer Armor
40:11 Elite Conquistador
41:18 Capped Ram
42:19 Two-Handed Swordsman
44:01 Siege Ram
46:53 Ring Archer Armor
50:02 Bracer
51:04 Blast Furnace
50:07 Cavalier
52:23 Champion
54:15 Plate Mail Armor
57:12 Husbandry
57:31 Paladin
63:32 Plate Barding Armor
65:09 Light Cavalry
66:00 Bloodlines
75:24 Onager
Cocolise
12:42 Feudal Age
13:35 Champi Runner
19:33 Wheelbarrow
22:15 Forging
23:04 Horse Collar
23:11 Double-Bit Axe
23:59 Gold Mining
24:56 Scale Mail Armor
26:23 Arson
30:41 Castle Age
30:33 Fletching
30:39 Stone Mining
34:20 Iron Casting
34:05 Crossbowman
38:55 Thumb Ring
38:13 Champi Warrior
40:38 Bodkin Arrow
40:43 Padded Archer Armor
40:48 Heavy Plow
42:00 Hand Cart
50:26 Imperial Age
49:55 Leather Archer Armor
51:10 Elite Champi Warrior
55:58 Gold Shaft Mining
57:25 Chemistry
56:17 Guard Tower
63:55 Squires
64:21 Bracer
65:21 Blast Furnace
64:53 Ring Archer Armor
69:22 Capped Ram
78:16 Chain Mail Armor
81:39 Onager
AleSheriff
12:08 Feudal Age
16:38 Double-Bit Axe
16:37 Horse Collar
18:31 Wheelbarrow
18:47 Gold Mining
18:43 Man-at-Arms
22:20 Arson
24:33 Scale Mail Armor
24:39 Scale Barding Armor
26:42 Castle Age
25:00 Bloodlines
28:23 Husbandry
27:44 Light Cavalry
28:43 Stone Mining
30:12 Scale Barding Armor
30:18 Forging
33:20 Hand Cart
44:21 Imperial Age
49:54 Cavalier
50:53 Loom
50:54 Town Watch
53:30 Gold Shaft Mining
55:42 Hussar
56:37 Long Swordsman
57:18 Squires
64:42 Two-Handed Swordsman
Connection lost

Rejoining the realm…

Still unreachable

The connection could not be restored.

Session expired

The server has moved on; the page needs a fresh start.